 Dungeon Crawl Stone Soup version 0.18.1-48-g4cf74bf (webtiles) character file.

352 Krapule the Skirmisher (level 6, -2/40 HPs)
             Began as a Gargoyle Fighter on Aug 12, 2016.
             Slain by an ogre
             ... wielding a +0 giant spiked club
              (14 damage)
             ... on level 4 of the Dungeon.
             The game lasted 00:07:42 (3551 turns).

Krapule the Skirmisher (Gargoyle Fighter)           Turns: 3551, Time: 00:07:43

Health: -2/40      AC: 13    Str: 22    XL:     6   Next: 61%
Magic:  6/6        EV:  7    Int:  8    God:
Gold:   136        SH:  9    Dex:  9    Spells: 0 memorised, 5 levels left

rFire  . . .     SeeInvis .     a - +0 flail
rCold  . . .     Gourm    .     b - +0 scale mail
rNeg   + . .     Faith    .     c - +0 shield
rPois  ∞         Spirit   .     n - +0 helmet
rElec  +         Dismiss  .     y - +0 cloak (curse)
rCorr  .         Reflect  .     (no gloves)
SustAt .         Harm     .     (no boots)
MR     .....                    (no amulet)
Stlth  +.........               (no ring)
                                (no ring)

@: about to teleport, not resistant to hostile enchantments, very unstealthy
A: negative energy resistance 1, electricity resistance, unbreathing,
petrification resistance, rot immunity, AC +4
a: no special abilities


You were on level 4 of the Dungeon.
You were hungry.

You visited 1 branch of the dungeon, and saw 4 of its levels.

You collected 136 gold pieces.

Inventory:

Hand Weapons
 a - a +0 flail (weapon)
 w - a cursed -3 whip
Armour
 b - a +0 scale mail (worn)
 c - a +0 shield (worn)
 n - a +0 helmet (worn)
 y - a cursed +0 cloak (worn)
Jewellery
 j - an uncursed ring of see invisible {unknown}
 s - a +2 ring of strength {unknown}
Wands
 r - a wand of teleportation (3/9)
Scrolls
 i - 2 scrolls of random uselessness {unknown}
 l - a scroll of fog {unknown}
 m - a scroll of enchant armour {unknown}
 o - 2 scrolls of identify {unknown}
 p - 2 scrolls of immolation {unknown}
 t - a scroll of blinking {unknown}
 x - a scroll of magic mapping {unknown}
 A - a scroll of noise {unknown}
Potions
 d - a potion of might
 e - 2 potions of curing {unknown}
 g - a potion of flight {unknown}
 h - 2 potions of lignification {unknown}
 k - a potion of haste {unknown}
 q - a potion of resistance {unknown}
Comestibles
 f - 2 bread rations
 u - a meat ration
 v - a beef jerky
 z - a slice of pizza


   Skills:
 + Level 4.8 Fighting
 + Level 3.6 Maces & Flails
 + Level 4.3 Armour
 + Level 2.9 Stealth
 + Level 4.5 Shields


You had 5 spell levels left.
You didn't know any spells.

Dungeon Overview and Level Annotations

Branches:
Dungeon (4/15)
 Temple: D:4-7

Altars:
Nemelex Xobeh


Innate Abilities, Weirdness & Mutations

You are resistant to torment.
Your stone body is resilient (AC +4).
You are immune to poison.
You resist negative energy.
You are resistant to electric shocks.
You can survive without breathing.
You are immune to petrification.
You are immune to rotting.


Message History

The ogre hits you with a giant spiked club!
* * * LOW HITPOINT WARNING * * *
You barely miss the ogre.
The ogre is lightly wounded.
The ogre closely misses you.
You see here 21 stones.
There is a stone staircase leading up here.
Evoke which item? (* to show all) (? for menu, Esc to quit)
Zapping:
r - a wand of teleportation (will waste charges)
Press: ? - help, Shift-Dir - straight line, f - you You feel strangely unstable.
Evoking this partially-identified wand wasted a few charges.
You block the ogre's attack.
You hit the ogre but do no damage.
The ogre is lightly wounded.
You block the ogre's attack.
You barely miss the ogre.
The ogre is lightly wounded.
The ogre hits you with a giant spiked club!
You die...

#############
............#
.##########.#
#O# #@# ###


You could see an ogre.

Vanquished Creatures
  An ice beast (D:3)
  An orc priest (D:3)
  Crazy Yiuf (D:3)
  Natasha (thrice) (D:3)
  3 adders
  3 oozes (D:3)
  A worm (D:3)
  4 dart slugs
  A giant gecko (D:3)
  14 orcs
  4 giant cockroaches
  7 goblins
  4 hobgoblins
  6 jackals
  A quokka (D:3)
  5 bats
  2 giant newts
  4 kobolds
  6 rats
71 creatures vanquished.

Notes
Turn   | Place    | Note
--------------------------------------------------------------
     0 | D:1      | Krapule the Gargoyle Fighter began the quest for the Orb.
     0 | D:1      | Reached XP level 1. HP: 14/14 MP: 1/1
   274 | D:1      | Reached XP level 2. HP: 19/19 MP: 2/2
   422 | D:1      | Reached skill level 1 in Stealth
  1265 | D:2      | Reached XP level 3. HP: 23/23 MP: 3/3
  1994 | D:3      | Reached XP level 4. HP: 29/29 MP: 4/4
  2169 | D:3      | Noticed an ice beast
  2452 | D:3      | Reached XP level 5. HP: 15/33 MP: 5/5
  2728 | D:3      | Killed an ice beast
  2763 | D:3      | Reached XP level 6. HP: 38/39 MP: 6/6
  2772 | D:3      | Noticed Natasha
  2783 | D:3      | Killed Natasha
  3055 | D:3      | Noticed Natasha
  3055 | D:3      | Found a sparkling altar of Nemelex Xobeh.
  3065 | D:3      | Killed Natasha
  3302 | D:3      | Noticed Crazy Yiuf
  3311 | D:3      | Killed Crazy Yiuf
  3455 | D:3      | Noticed Natasha
  3466 | D:3      | Killed Natasha
  3551 | D:4      | Slain by an ogre

Skill      XL: |  1  2  3  4  5 |
---------------+----------------+-----
Stealth        | 1 2 |  2.9
Fighting       | 4 |  4.8
Armour         | 4 |  4.3
Shields        | 4 |  4.5
Maces & Flails | 3 |  3.6

Action                   |  1- 3 |  4- 6 || total
-------------------------+-------+-------++-------
Melee: Flail             |   188 |   175 ||   363
Evoke: Wand              |       |     1 ||     1
  Use: Potion            |       |     1 ||     1
  Eat: Chunk             |     3 |     1 ||     4
       Bread ration      |       |     1 ||     1
Armor: Scale mail        |   113 |    63 ||   176
Dodge: Dodged            |    73 |    46 ||   119
Block: Shield            |   117 |    79 ||   196
